 Dungeon Sprint DCSS version 0.23.2-1-ga50397a6bc (webtiles) character file.

Game seed: 13971908593560873485

298 Kobolds4U the Carver (level 6, -3/62 HPs)
             Began as a Minotaur Berserker on May 21, 2019.
             Was a Believer of Trog.
             Slain by a yak (13 damage)
             ... in the Dungeon (Sprint I: "Red Sonja").
             The game lasted 00:00:52 (554 turns).

Kobolds4U the Carver (Minotaur Berserker)            Turns: 554, Time: 00:00:53

Health: -3/62      AC:  3    Str: 21    XL:     6   Next: 13%
Magic:  5/5        EV: 15    Int:  4    God:    Trog [**....]
Gold:   312        SH:  0    Dex: 12    Spells: 5/5 levels left

rFire    . . .     SeeInvis .   a - +0 falchion
rCold    . . .     Gourm    .   (no shield)
rNeg     . . .     Faith    .   k - +0 leather armour
rPois    .         Spirit   .   (helmet restricted)
rElec    .         Reflect  .   (no cloak)
rCorr    .         Harm     .   (no gloves)
MR       .....     NoTele   +   (no boots)
Stlth    +.........             (no amulet)
HPRegen  0.20/turn              (no ring)
MPRegen  0.09/turn              (no ring)

@: no status effects
A: retaliatory headbutt, horns 2
a: Berserk, Trog's Hand, Renounce Religion


You were in the Dungeon.
You worshipped Trog.
Trog was pleased with you.
You were not hungry.

You visited 1 branch You collected 312 gold pieces.

Inventory:

Hand Weapons
 a - a +0 falchion (weapon)
Armour
 k - a +0 leather armour (worn)
Wands
 j - a wand of digging (2)
Scrolls
 i - a scroll of blinking
Potions
 d - a potion of curing
 e - a potion of heal wounds
 f - a potion of haste
 g - 2 potions of magic
 h - a potion of berserk rage
Comestibles
 c - a ration


   Skills:
 + Level 8.8 Fighting
 * Level 11.6 Long Blades
 - Level 2.4 Armour
 + Level 6.7 Dodging


You had 5 spell levels left.
You didn't know any spells.
Your spell library was empty.

Dungeon Overview and Level Annotations

Branches:
Dungeon (1/1)

Altars:
Cheibriados
Dithmenos
Elyvilon
Fedhas
Gozag
Hepliaklqana
Kikubaaqudgha
Okawaru
Qazlal
Ru
Sif Muna
Trog
Uskayaw
Vehumet
Wu Jian
Yredelemnul
Zin
The Shining One

Shops:
D [


Innate Abilities, Weirdness & Mutations

You reflexively headbutt those who attack you in melee.
You have a pair of horns on your head.


Message History

The yak is severely wounded.
The yak gores you!
* * * LOW HITPOINT WARNING * * *
You hit the yak.
The yak is almost dead.
The yak gores you!
* * * LOW HITPOINT WARNING * * *
You hit the yak but do no damage. You headbutt the yak, but do no damage.
The yak is almost dead.
The yak closely misses you.
You hit the yak but do no damage. Your headbutt misses the yak.
The yak is almost dead.
You barely miss the yak.
The yak is almost dead.
The yak gores you.
* * * LOW HITPOINT WARNING * * *
You hit the yak but do no damage.
The yak is almost dead.
The yak gores you!
You die...

################
#<.#..').#..'..#
#..'[.#..').#..+
#..#####'#####'#
#..# #..#...#)#
#..#__####..##.#
#..#_____##'#_.+
#⌠⌠#_.∩..Y@..._#
####_..__##_.#'#
#____ ##+#(#
#### ###


You could see a yak.

Vanquished Creatures
  Sigmund (D)
  An ogre (D)
  A jelly (D)
  Ijyb (D)
4 creatures vanquished.

Notes
Turn   | Place    | Note
-------+----------+-------------------------------------------
     0 | D        | Kobolds4U the Minotaur Berserker began the quest for the
                  | Orb.
     0 | D        | Reached XP level 1. HP: 19/19 MP: 0/0
     1 | D        | Noticed Ijyb
    20 | D        | Killed Ijyb
    20 | D        | Reached skill level 5 in Fighting
    20 | D        | Reached skill level 6 in Long Blades
    20 | D        | Reached XP level 2. HP: 17/29 MP: 1/1
   151 | D        | Noticed an ogre
   155 | D        | Killed an ogre
   155 | D        | Reached skill level 9 in Long Blades
   155 | D        | Reached XP level 3. HP: 18/38 MP: 2/2
   155 | D        | Reached XP level 4. HP: 21/45 MP: 3/3
   348 | D        | Noticed Sigmund
   357 | D        | Killed Sigmund
   357 | D        | Reached ** piety under Trog
   357 | D        | Reached skill level 11 in Long Blades
   357 | D        | Reached XP level 5. HP: 48/56 MP: 4/4
   357 | D        | Reached XP level 6. HP: 54/62 MP: 5/5
   508 | D        | Found an ornate altar of the Wu Jian Council.
   508 | D        | Found a deep blue altar of Sif Muna.
   510 | D        | Found a radiant altar of Vehumet.
   539 | D        | Found Hacas's Antique Armour Emporium.
   539 | D        | Found an ancient bone altar of Kikubaaqudgha.
   539 | D        | Found a hazy altar of Hepliaklqana.
   539 | D        | Found a stormy altar of Qazlal.
   539 | D        | Found a hide-covered altar of Uskayaw.
   539 | D        | Found a blossoming altar of Fedhas.
   539 | D        | Found a bloodstained altar of Trog.
   539 | D        | Found an iron altar of Okawaru.
   539 | D        | Found a basalt altar of Yredelemnul.
   539 | D        | Found a glowing golden altar of the Shining One.
   539 | D        | Found a snail-covered altar of Cheibriados.
   539 | D        | Found a sacrificial altar of Ru.
   539 | D        | Found a glowing silver altar of Zin.
   539 | D        | Found a shadowy altar of Dithmenos.
   539 | D        | Found a white marble altar of Elyvilon.
   539 | D        | Noticed a yak
   540 | D        | Found an opulent altar of Gozag.
   554 | D        | Slain by a yak

Skill      XL: |  1  2  3  4 |
---------------+-------------+-----
Fighting       | 5 6 8 |  8.8
Long Blades    | 6 9 11 | 11.6
Dodging        | 4 6 |  6.7
Armour         | |  2.4

Action                   |  1- 3 |  4- 6 || total
-------------------------+-------+-------++-------
Melee: Falchion          |    20 |    24 ||    44
       Headbutt          |     5 |     6 ||    11
Invok: Berserk           |     1 |       ||     1
Armor: Animal skin       |     2 |       ||     2
Dodge: Dodged            |     9 |     8 ||    17
       Rpst.: Falchion   |     3 |     3 ||     6
